 Dungeon Crawl Stone Soup version 0.15-a0-1403-g2cecdf4 (webtiles) character file.

4727 Chiseanne the Unseen (level 10, -2/46 HPs)
             Began as a Spriggan Assassin on June 11, 2014.
             Was an Initiate of Gozag.
             Slain by a cyclops (27 damage)
             ... on Level 9 of the Dungeon.
             The game lasted 00:37:47 (8310 turns).

Chiseanne the Unseen (Spriggan Assassin)            Turns: 8310, Time: 00:37:48

HP  -2/46        AC  9     Str  7      XL: 10   Next: 22%
MP  19/19        EV 31     Int 12      God: Gozag
Gold 399         SH  5     Dex 19      Spells:  0 memorised,  9 levels left

rFire  + . .     SeeInvis +     a - +2,+3 dagger (venom)
rCold  + . .     Clarity  .     l - +1 robe {rC+} (curse)
rNeg   + . .     rCorr    .     q - +0 buckler
rPois  +         rRot     .     (helmet restricted)
rElec  .         Spirit   .     y - +1 ratskin cloak {rPois rN+ Dex-1 Int-1}
SustAb .         Warding  .     (gloves unavailable)
rMut   .         Stasis   .     (boots unavailable)
Gourm  .                        (no amulet)
MR     ++...                    (no ring)
                                p - ring of protection from fire

@: very quick, very resistant to hostile enchantments, extraordinarily stealthy
A: unfitting armour, rough black scales 1, see invisible, herbivore 3, speed 3,
magic resistance 1, sense surroundings 1, slow metabolism 2
a: Potion Petition, Call Merchant, Bribe Branch, Renounce Religion


You were on level 9 of the Dungeon.
You worshipped Gozag.
Gozag was noncommittal.
You were not hungry.

You visited 1 branch of the dungeon, and saw 9 of its levels.
You also visited: Sewer and Ossuary.

You collected 996 gold pieces.
You spent 515 gold pieces at shops.
You paid 82 gold pieces to Gozag.

Inventory:

Hand weapons
 a - a +2,+3 dagger of venom (weapon)
 w - a +0 blowgun
Missiles
 e - 36 poisoned needles
 r - a curare-tipped needle
Armour
 l - a cursed +1 robe of cold resistance (worn)
 q - a +0 buckler (worn)
 t - a +1 robe of the Archmagi
 y - the +1 ratskin cloak (worn) {rPois rN+ Dex-1 Int-1}
   (You bought it in a shop on level 6 of the Dungeon)

   It affects your intelligence (-1).
   It affects your dexterity (-1).
   It protects you from poison.
   It protects you from negative energy.
Magical devices
 d - a wand of confusion (5)
 f - a wand of draining (7)
 k - a wand of disintegration (14)
 o - a wand of random effects (8)
 A - a wand of heal wounds (5)
 C - a wand of polymorph (9)
Comestibles
 i - 7 bread rations
 u - 3 fruits
 E - a slice of pizza
Scrolls
 s - a scroll of recharging
 v - a scroll of identify
 B - 5 scrolls of teleportation
 F - 4 scrolls of remove curse
Jewellery
 p - a ring of protection from fire (left hand)
 G - an uncursed ring of poison resistance
Potions
 b - 2 potions of invisibility
 c - 3 potions of might
 g - a potion of porridge
 h - a potion of mutation
 j - a potion of cure mutation {unknown}
 n - a potion of agility
 x - 8 potions of curing
 z - 7 potions of heal wounds
 D - a potion of haste


   Skills:
 - Level 1.5 Fighting
 - Level 2.1 Short Blades
 - Level 2.1 Throwing
 * Level 14.2 Dodging
 * Level 16.4 Stealth


You had 9 spell levels left.
You didn't know any spells.

Dungeon Overview and Level Annotations

Branches:
Dungeon (9/15)             Temple (0/1) D:5
    Orc: D:9-12        Lair: D:8-11

Altars:
Ashenzari
Cheibriados
Gozag

Shops:
D:6 [%[((

Annotations:
D:4 zhaba's ghost, experienced OgWn


Innate Abilities, Weirdness & Mutations

You are tiny and cannot use many weapons and most armour.
You have supernaturally acute eyesight.
You are a herbivore.
You cover ground extremely quickly.
You need consume almost no food.
You are partially covered in rough black scales (AC +4, Dex -1).
You are resistant to hostile enchantments.
You passively map a small area around you.


Message History

You kill the sheep!
The cyclops hits you!!
You hit the cyclops but do no damage.
The cyclops is poisoned.
You block the cyclops' attack.
You hit the cyclops.
The cyclops looks even sicker.
The cyclops is lightly wounded.
You hit the cyclops but do no damage.
The cyclops is lightly wounded.
The cyclops barely misses you.
You hit the cyclops but do no damage.
The cyclops is lightly wounded.
You hit the cyclops.
The cyclops is lightly wounded.
The cyclops misses you.
You hit the cyclops.
The cyclops is moderately wounded.
The cyclops hits you!!
Ouch! That really hurt!
You die...
Your body crumbles into a pile of gold.

##...(............,
###.................
#.................. ,
#................... ,,
#####...................
#...###..(..............
,
#.......................
,
#....................>...
,
###.............@........
##...#######..C$...#### ,
##### ######### *


You could see a cyclops.

Vanquished Creatures
  Grinder (D:6)
  A hungry ghost (D:7)
  Eustachio (D:8)
  A hippogriff (D:7)
  Edmund (D:6)
  5 ogres
  2 ice beasts
  4 sky beasts
  A black bear (D:6)
  3 centaurs
  Sigmund (D:7)
  Duvessa (D:6)
  2 big kobolds (Sewer)
  3 elf zombies
  5 giant frogs
  A wyvern skeleton (D:7)
  A hippogriff zombie (D:7)
  3 scorpions
  6 crimson imps
  2 goliath beetles
  A yellow wasp zombie (D:6)
  Dowan (D:6)
  3 hounds
  2 jellies
  2 giant frog skeletons
  3 big fish (Sewer)
  Crazy Yiuf (D:3)
  An orc priest (D:4)
  3 orc wizards
  2 human skeletons (D:5)
  Natasha (thrice) (D:3)
  5 iguanas
  5 worker ants
  2 big kobold zombies (Ossuary)
  A killer bee zombie (D:5)
  Ijyb (D:2)
  Jessica (D:3)
  2 sheep (D:9)
  An ogre skeleton (D:6)
  A hound zombie (Ossuary)
  4 mummies
  A worker ant zombie (D:6)
  5 gnolls
  5 adders (D:3)
  A goliath beetle zombie (D:8)
  6 giant mites
  An inept feature mimic (D:5)
  3 worms
  4 adder zombies (Ossuary)
  8 giant geckos
  18 orcs
  15 bats
  3 giant cockroaches
  12 goblins
  6 hobgoblins
  17 kobolds
  5 ball pythons
  3 giant newts
  A giant spore (D:6)
  A gnoll zombie (Ossuary)
  A goblin zombie (Ossuary)
  A hobgoblin zombie (Ossuary)
  4 jackal zombies (Ossuary)
  7 kobold zombies (Ossuary)
  2 orc skeletons (D:5)
  6 orc zombies
  2 quokkas
  5 quokka zombies (Ossuary)
  8 rats
  A rat skeleton (D:7)
  4 rat zombies (Ossuary)
  3 ballistomycetes
249 creatures vanquished.

Vanquished Creatures (collateral kills)
  2 orcs (D:7)
  A giant spore (D:7)
3 creatures vanquished.

Grand Total: 252 creatures vanquished

Notes
Turn   | Place    | Note
--------------------------------------------------------------
     0 | D:1      | Chiseanne, the Spriggan Assassin, began the quest for the Orb.
     0 | D:1      | Reached XP level 1. HP: 10/10 MP: 2/2
    26 | D:1      | Reached skill level 6 in Stealth
   152 | D:1      | Reached XP level 2. HP: 14/14 MP: 4/4
   561 | D:2      | Reached skill level 7 in Stealth
   567 | D:2      | Noticed Ijyb
   593 | D:2      | Killed Ijyb
   593 | D:2      | Reached XP level 3. HP: 16/18 MP: 6/6
  1205 | D:3      | Reached skill level 8 in Stealth
  1214 | D:3      | Reached XP level 4. HP: 22/22 MP: 8/8
  1224 | D:3      | Noticed Jessica
  1232 | D:3      | Killed Jessica
  1353 | D:3      | Gained mutation: You passively map a small area around you. [potion of mutation]
  1353 | D:3      | Gained mutation: You are resistant to hostile enchantments. [potion of mutation]
  1353 | D:3      | Gained mutation: You are partially covered in rough black scales (AC +4, Dex -1). [potion of mutation]
  1355 | D:3      | Noticed Crazy Yiuf
  1361 | D:3      | Killed Crazy Yiuf
  1361 | D:3      | Reached skill level 9 in Stealth
  1361 | D:3      | Reached XP level 5. HP: 25/25 MP: 10/10
  1528 | D:3      | Found a glowing drain.
  1815 | Sewer    | Entered a sewer
  1862 | Sewer    | Reached skill level 10 in Stealth
  1862 | Sewer    | Reached XP level 6. HP: 30/30 MP: 12/12
  2237 | Sewer    | Reached skill level 5 in Dodging
  2237 | Sewer    | Reached skill level 11 in Stealth
  2284 | D:3      | Noticed Natasha
  2292 | D:3      | Killed Natasha
  2308 | D:3      | Found a shattered altar of Ashenzari.
  2309 | D:3      | Found an opulent altar of Gozag.
  2325 | D:3      | Became a worshipper of Gozag Ym Sagoz the Greedy
  2347 | D:3      | Reached XP level 7. HP: 30/33 MP: 14/14
  2448 | D:3      | Noticed Natasha
  2464 | D:3      | Killed Natasha
  2515 | D:3      | Noticed Natasha
  2524 | D:3      | Killed Natasha
  2931 | D:4      | Reached skill level 12 in Stealth
  2965 | D:4      | Noticed zhaba's ghost (experienced OgWn)
  3181 | D:5      | Entered Level 5 of the Dungeon
  3188 | D:5      | Found a staircase to the Ecumenical Temple.
  3554 | D:5      | Reached XP level 8. HP: 28/37 MP: 16/16
  3581 | D:5      | Found a sand-covered staircase.
  3590 | Ossuary  | Entered an ossuary
  3867 | Ossuary  | Reached skill level 13 in Stealth
  4773 | D:5      | Reached skill level 10 in Dodging
  4909 | D:5      | Found a snail-covered altar of Cheibriados.
  5176 | D:6      | Reached skill level 14 in Stealth
  5178 | D:6      | Reached XP level 9. HP: 41/41 MP: 18/18
  5290 | D:6      | Found Fris' Weapon Boutique.
  5290 | D:6      | Noticed Edmund
  5293 | D:6      | Found Vemes' Weapon Emporium.
  5294 | D:6      | Noticed Dowan
  5749 | D:6      | Found Pomiryil's Antique Armour Boutique.
  5750 | D:6      | Noticed Duvessa
  5791 | D:6      | Killed Edmund
  5793 | D:6      | Killed Duvessa
  5878 | D:6      | Killed Dowan
  5946 | D:6      | Bought a runed robe for 18 gold pieces
  5960 | D:6      | Noticed Grinder
  5987 | D:6      | Killed Grinder
  5987 | D:6      | Reached skill level 15 in Stealth
  6546 | D:6      | Found Cras' Food Boutique.
  6581 | D:6      | Bought 2 fruits for 42 gold pieces
  6619 | D:6      | Found Nouxkan's Antique Armour Shoppe.
  6630 | D:6      | Bought the +1 ratskin cloak {rPois rN+ Dex-1 Int-1} for 455 gold pieces
  6778 | D:7      | Noticed Sigmund
  6910 | D:7      | Killed Sigmund
  7340 | D:7      | Reached skill level 16 in Stealth
  7340 | D:7      | Reached XP level 10. HP: 46/46 MP: 19/19
  7772 | D:8      | Noticed Eustachio
  7781 | D:8      | Killed Eustachio
  8294 | D:9      | Noticed a cyclops
  8310 | D:9      | Slain by a cyclops

Action                   |  1- 3 |  4- 6 |  7- 9 | 10-12 || total
-------------------------+-------+-------+-------+-------++-------
Melee: Dagger            |    57 |   130 |   789 |   123 ||  1099
 Fire: Blowgun           |       |     5 |    24 |       ||    29
Evoke: Wand              |     1 |       |    17 |     5 ||    23
  Use: Potion            |       |     3 |       |       ||     3
       Scroll            |       |     2 |    17 |     4 ||    23
 Stab: Sleeping          |    14 |    18 |    51 |     8 ||    91
       Distracted        |     1 |     1 |     5 |       ||     7
       Confused          |       |       |     2 |       ||     2
